 Dungeon Crawl Stone Soup version 0.27.1-34-g3ba077fa99 (webtiles) character file.

Game seed: 8074754380077163611

72 MisterFreud the Skirmisher (level 4, -5/38 HPs)
             Began as a Gnoll Wanderer on Jan 1, 2022.
             Was a Believer of Wu Jian.
             Killed by divine providence
             ... invoked by an orc priest
              (14 damage)
             ... on level 3 of the Dungeon.
             The game lasted 00:02:40 (2339 turns).

MisterFreud the Skirmisher (Gnoll Wanderer)         Turns: 2339, Time: 00:02:40

Health: -5/38      AC:  2    Str: 11    XL:     4   Next: 26%
Magic:  8/8        EV: 12    Int: 12    God:    Wu Jian [**....]
Gold:   53         SH:  0    Dex: 12    Spells: 9/9 levels left

rFire    . . .     SeeInvis .   a - +2 dagger
rCold    . . .     Faith    .   (no shield)
rNeg     . . .     Spirit   .   e - +0 robe
rPois    .         Reflect  .   (no helmet)
rElec    .         Harm     .   g - scarf {repulsion}
rCorr    .         Rampage  .   (no gloves)
Will     .....                  (no boots)
Stlth    ++........             (no amulet)
HPRegen  0.12/turn              (no ring)
MPRegen  0.11/turn              (no ring)

@: repel missiles
A: fangs 1, strong nose, distributed training
a: Renounce Religion, Wall Jump


You were on level 3 of the Dungeon.
You worshipped Wu Jian.
Wu Jian was pleased with you.
You visited 1 branch of the dungeon, and saw 3 of its levels.

You collected 53 gold pieces.

Inventory:

Hand Weapons
 a - a +2 dagger (weapon)
 c - a +0 spear
Missiles
 b - a curare-tipped dart (quivered)
 h - a throwing net
 k - 11 boomerangs
Armour
 e - a +0 robe (worn)
 g - a scarf of repulsion (worn)
Scrolls
 f - 3 scrolls of identify {unknown}
 i - a scroll of amnesia {unknown}
 j - a scroll of enchant weapon {unknown}
 m - a scroll of teleportation {unknown}
Potions
 l - a potion of curing {unknown}
Miscellaneous
 d - a piece from Xom's chessboard (15/15)


   Skills:
 + Level 4.6 Fighting
 + Level 1.1 Short Blades
 + Level 1.1 Long Blades
 + Level 1.1 Axes
 + Level 1.1 Maces & Flails
 + Level 2.7 Polearms
 + Level 1.1 Staves
 + Level 1.1 Slings
 + Level 1.1 Bows
 + Level 1.1 Crossbows
 + Level 2.7 Throwing
 + Level 1.1 Armour
 + Level 2.7 Dodging
 + Level 2.5 Stealth
 + Level 1.1 Shields
 + Level 1.1 Unarmed Combat
 + Level 3.0 Spellcasting
 + Level 0.8 Conjurations
 + Level 2.2 Hexes
 + Level 2.2 Summonings
 + Level 0.8 Necromancy
 + Level 0.8 Translocations
 + Level 0.8 Transmutations
 + Level 0.8 Fire Magic
 + Level 0.8 Ice Magic
 + Level 0.8 Air Magic
 + Level 0.8 Earth Magic
 + Level 0.8 Poison Magic
 + Level 1.2 Invocations
 + Level 2.7 Evocations


You had 9 spell levels left.
You didn't know any spells.
Your spell library contained the following spells:

 Spells                   Type           Power      Damage    Failure   Level
 Call Imp                 Summ           7%         N/A       16%         2
 Magic Dart               Conj           12%        1d3       17%         1
 Sting                    Tmut/Pois      12%        1d3       17%         1
 Ignite Poison            Fire/Tmut/Pois 3%         N/A       45%         3
 Mephitic Cloud           Conj/Pois/Air  3%         N/A       45%         3
 Eringya's Noxious Bog    Tmut/Pois      1%         N/A       100%        6


Dungeon Overview and Level Annotations

Branches:
Dungeon (3/15)

Altars:
Elyvilon
Wu Jian

Portals:
Abyss: D:3

Annotations:
D:3 2 runed translucent doors


Innate Abilities, Weirdness & Mutations

You have very sharp teeth.
Your uncanny sense of smell can sniff out nearby items.
Your experience applies equally to all skills.


Message History

The orc closely misses you.
You hear a shout!
You closely miss the orc. The orc barely misses you.
An orc comes into view. It is wielding a +0 club.
You hit the orc.
The orc is heavily wounded.
An orc comes into view. It is wielding a +0 mace.
The orc hits you with a +0 whip.
You hit the orc.
You kill the orc!
The Council accepts your kill.
You hit the orc priest but do no damage.
You closely miss the orc priest. The orc priest completely misses you.
You closely miss the orc priest. The orc priest closely misses you.
You hit the orc priest but do no damage.
The orc priest calls down the wrath of Beogh upon you.
Beogh smites you!
You closely miss the orc priest. You closely miss the orc. You hit the orc.
The orc is heavily wounded.
The orc misses you.
The orc priest casts a cantrip, but nothing happens.
A goblin comes into view. It is wielding a +0 dagger.
You hit the orc.
You kill the orc!
The Council accepts your kill.
Your Spellcasting skill increases to level 3!
You hit the orc priest.
The orc priest is lightly wounded.
The orc priest invokes the aid of Beogh against you.
Beogh smites you!
There is nothing to wall jump against here.
You hit the orc priest but do no damage.
The orc priest is lightly wounded.
The orc priest hits you with a +0 mace!
* * * LOW HITPOINT WARNING * * *
The orc priest mumbles some strange prayers to Beogh against you.
Beogh smites you!
You die...

..≈. #. ♣♣♣♣.≈. #
#. ....s≈. #..#.##
#. ≈≈≈≈≈≈.
#....>###. .J....$
#.........
#...#####.....###.
#..............##.
####...###...#.##.
#@...........#.##.
#.###.......##.###
#o# ######..##....


.og #......### ∆##.## #......### #.# #......##. #.. #......##. ### #.........
#########. You could see an orc priest, an orc and a goblin.

Vanquished Creatures
  2 adders (D:2)
  A dart slug (D:1)
  2 orcs (D:3)
  3 endoplasms
  5 giant cockroaches
  3 goblins
  5 hobgoblins
  4 jackals (D:2)
  6 kobolds
  7 ball pythons
  3 bats
  2 frilled lizards (D:1)
  4 rats (D:1)
47 creatures vanquished.

Notes
Turn   | Place    | Note
-------+----------+-------------------------------------------
     0 | D:1      | MisterFreud the Gnoll Wanderer began the quest for the Orb.
     0 | D:1      | MisterFreud set off with the following items: a +2 dagger,
                  | a curare-tipped dart, a +0 spear, a piece from Xom's
                  | chessboard (15/15), a +0 robe
     0 | D:1      | Reached XP level 1. HP: 20/20 MP: 4/4
   321 | D:1      | Found a faded altar of an unknown god.
   435 | D:1      | Became a worshipper of the Wu Jian Council
   435 | D:1      | Reached * piety under Wu Jian
   562 | D:1      | Reached XP level 2. HP: 26/26 MP: 5/5
  1138 | D:2      | Reached XP level 3. HP: 30/31 MP: 7/7
  1252 | D:2      | Reached ** piety under Wu Jian
  1597 | D:2      | Reached skill level 1 in Invocations
  1630 | D:2      | Got the Reference Book on Poisoning
  1667 | D:2      | Reached skill level 1 in Short Blades
  1667 | D:2      | Reached skill level 1 in Long Blades
  1667 | D:2      | Reached skill level 1 in Axes
  1667 | D:2      | Reached skill level 1 in Maces & Flails
  1667 | D:2      | Reached skill level 1 in Staves
  1667 | D:2      | Reached skill level 1 in Slings
  1667 | D:2      | Reached skill level 1 in Bows
  1667 | D:2      | Reached skill level 1 in Crossbows
  1667 | D:2      | Reached skill level 1 in Armour
  1667 | D:2      | Reached skill level 1 in Shields
  1667 | D:2      | Reached skill level 1 in Unarmed Combat
  1667 | D:2      | Reached XP level 4. HP: 38/38 MP: 8/8
  2076 | D:3      | Found a white marble altar of Elyvilon.
  2125 | D:3      | Found a one-way gate to the infinite horrors of the Abyss.
  2271 | D:3      | Found a large runed translucent door.
  2273 | D:3      | Found a large runed translucent door.
  2317 | D:3      | Noticed a scorpion
  2339 | D:3      | Killed from afar by an orc priest

Illustrated notes

Levels and vault maps discovered:
D:1:      amcnicky_arrival_feature_with_door, layout_basic,
          shapermc_ecumenical_altar_hornbeckon
D:2:      layout_loops_ring, chequers_arboretum, minmay_3d_cube
D:3:      due_chaos_kobolds, layout_loops_cross, mainiacjoe_overflow_brackets,
          elyvilon_altar_4

Skill      XL: |  1  2  3  4 |
---------------+-------------+-----
Hexes          | 2 |  2.2
Summonings     | 2 |  2.2
Invocations    | 1 |  1.2
Short Blades   | 1 |  1.1
Long Blades    | 1 |  1.1
Axes           | 1 |  1.1
Maces & Flails | 1 |  1.1
Staves         | 1 |  1.1
Slings         | 1 |  1.1
Bows           | 1 |  1.1
Crossbows      | 1 |  1.1
Armour         | 1 |  1.1
Shields        | 1 |  1.1
Unarmed Combat | 1 |  1.1
Spellcasting   | 3 |  3.0
Fighting       | |  4.6
Polearms       | |  2.7
Throwing       | |  2.7
Dodging        | |  2.7
Stealth        | |  2.5
Conjurations   | |  0.8
Necromancy     | |  0.8
Translocations | |  0.8
Transmutations | |  0.8
Fire Magic     | |  0.8
Ice Magic      | |  0.8
Air Magic      | |  0.8
Earth Magic    | |  0.8
Poison Magic   | |  0.8
Evocations     | |  2.7

Action                   |  1- 3 |  4- 6 || total
-------------------------+-------+-------++-------
Melee: Dagger            |   110 |    45 ||   155
       Bite              |     7 |     1 ||     8
       Punch             |     1 |       ||     1
Invok: Lunge             |    11 |     4 ||    15
 Stab: Sleeping          |     6 |     1 ||     7
Armor: Robe              |    22 |     6 ||    28
Dodge: Dodged            |    59 |    17 ||    76
